 Dungeon Crawl Stone Soup version 0.29-a0-700-g2f1814c7b2 (webtiles) character file.

Game seed: 18284946363193163308

132 gobodom the Conjurer (level 4, 0/30 HPs)
             Began as a Demonspawn Conjurer on June 25, 2022.
             Killed by divine providence
             ... invoked by an orc priest
              (16 damage)
             ... on level 4 of the Dungeon.
             The game lasted 00:09:47 (3057 turns).

gobodom the Conjurer (Demonspawn Conjurer)          Turns: 3057, Time: 00:09:48

Health: 0/30       AC:  2    Str:  9    XL:     4   Next: 92%
Magic:  15/17      EV: 12    Int: 20    God:
Gold:   238        SH:  4    Dex: 11    Spells: 3/9 levels left

rFire   + . .      SeeInvis .   c - +0 dagger
rCold   . . .      Faith    .   (no shield)
rNeg    . . .      Spirit   .   a - +0 robe
rPois   .          Reflect  .   (no helmet)
rElec   .          Harm     .   (no cloak)
rCorr   .          Rampage  .   (no gloves)
Will    .....                   (no boots)
Stlth   ++........              (no amulet)
HPRegen 0.10/turn               l - ring of magical power
MPRegen 0.15/turn               q - ring of protection from fire

@: no status effects
A: condensation shield, weakness stinger 1
a: no special abilities


You were on level 4 of the Dungeon.
You visited 1 branch of the dungeon, and saw 4 of its levels.

You collected 238 gold pieces.

Inventory:

Hand Weapons
 c - a +0 dagger (weapon)
Missiles
 d - a throwing net
 r - 4 boomerangs
Armour
 a - a +0 robe (worn)
 p - an orb of mayhem
Jewellery
 l - a ring of magical power (left hand)
 q - a ring of protection from fire (right hand)
 s - an amulet of faith
Scrolls
 f - a scroll of poison {unknown}
 j - 2 scrolls of immolation {unknown}
 m - 2 scrolls of amnesia {unknown}
 o - a scroll of enchant weapon {unknown}
 t - a scroll of teleportation {unknown}
Potions
 b - a potion of magic
 e - a potion of might
 g - a potion of lignification
 h - a potion of attraction
 i - a potion of curing {unknown}
 k - 2 potions of mutation {unknown}
 n - 2 potions of cancellation {unknown}


   Skills:
 + Level 0.2 Fighting
 + Level 0.1 Short Blades
 + Level 2.0 Dodging
 + Level 2.4 Stealth
 + Level 3.1 Spellcasting
 + Level 5.1 Conjurations


You had 3 spell levels left.
You knew the following spells:

 Your Spells              Type           Power      Damage    Failure   Level
a - Magic Dart            Conj           92%        1d7       1%          1
b - Searing Ray           Conj           46%        2d6       2%          2
c - Ozocubu's Armour      Ice            3%         N/A       38%         3

Your spell library contained the following spells:

 Spells                   Type           Power      Damage    Failure   Level
 Dazzling Flash           Conj/Hex       26%        N/A       14%         3
 Fulminant Prism          Conj/Hex       6%         3d7       43%         4
 Iskenderun's Mystic Bla  Conj/Tloc      13%        2d5       43%         4
 Ozocubu's Refrigeration  Ice            1%         4d5       100%        7


Dungeon Overview and Level Annotations

Branches:
Dungeon (4/15)
 Temple: D:4-7

Altars:


Innate Abilities, Weirdness & Mutations

A meltable shield of frost defends you. (SH +4)
You have a small tail.


Message History

You see here an adder corpse.
There is an open door here.
You open the door.
There is an open door here.
You open the door.
There is an open door here.
A quokka comes into view.
The magic dart hits the quokka.
The quokka is heavily wounded.
The magic dart hits the quokka but does no damage.
The quokka is heavily wounded.
The magic dart hits the quokka.
You kill the quokka!
k - 2 bubbling green potions (gained 1)
You open the door.
Done exploring.
Done exploring.
There is an open door here.
There is a stone staircase leading down here.
You climb downwards.
You hear the sound of rushing water.
There is an entrance to a sewer on this level.
Hurry and find it before the portal rusts away!
The orc shouts!
The orc priest shouts!
Found a coiled wooden ring and a scroll of identify.
There is a stone staircase leading up here.
The magic dart hits the orc priest.
The orc priest is lightly wounded.
The orc shouts!
You hear a shout!
An orc comes into view. It is wielding a +0 whip.
The magic dart hits the orc priest.
The orc priest is moderately wounded.
The orc shouts!
You hear a shout!
The orc priest invokes the aid of Beogh against you.
Pain shoots through your body!
An endoplasm comes into view.
The endoplasm quivers.
The orc priest calls down the wrath of Beogh upon you.
Beogh smites you!
Ouch! That really hurt!
You die...

.
#######....
#=.@J......
##.########
#.<.......
##o..#####
#...# #o.?#
#oo.# #...#
#...#


You could see an orc priest, 2 orcs and an endoplasm.

Vanquished Creatures
  A jelly (D:3)
  3 adders (D:3)
  2 dart slugs
  3 orcs (D:3)
  7 ball pythons
  10 bats
  9 endoplasms
  6 giant cockroaches
  3 goblins (D:2)
  2 hobgoblins
  5 quokkas
  6 frilled lizards
  5 kobolds
  6 rats
68 creatures vanquished.

Notes
Turn   | Place    | Note
-------+----------+-------------------------------------------
     0 | D:1      | gobodom the Demonspawn Conjurer began the quest for the
                  | Orb.
     0 | D:1      | Reached XP level 1. HP: 13/13 MP: 3/3
   149 | D:1      | Gained mutation: A meltable shield of frost defends you.
                  | (SH +4) [demonic ancestry]
   149 | D:1      | Reached XP level 2. HP: 5/19 MP: 1/5
  1077 | D:1      | Found a faded altar of an unknown god.
  1132 | D:1      | Gained mutation: You have a small tail. [demonic ancestry]
  1132 | D:1      | Reached XP level 3. HP: 24/24 MP: 2/6
  2440 | D:3      | Reached XP level 4. HP: 28/30 MP: 7/7
  2509 | D:3      | Learned a level 2 spell: Searing Ray
  2513 | D:3      | Learned a level 3 spell: Ozocubu's Armour
  2596 | D:3      | Reached skill level 5 in Conjurations
  3057 | D:4      | Killed from afar by an orc priest

Illustrated notes

Levels and vault maps discovered:
D:1:      minmay_arrival_arboretum_large, layout_basic,
          shapermc_ecumenical_altar_pompeii, minmay_splitting_lines,
          minmay_pentomino_s4
D:2:      layout_loops_cross
D:3:      minmay_bubble_buster, layout_basic
D:4:      minmay_chambers_of_threes, layout_basic,
          gammafunk_temple_overflow_elements, xom_confusion_cloud,
          portal_sewer_entry_a

Skill      XL: |  1  2  3  4 |
---------------+-------------+-----
Stealth        | 2 |  2.4
Dodging        | 2 |  2.0
Conjurations   | 5 |  5.1
Spellcasting   | 3 |  3.1
Fighting       | |  0.2
Short Blades   | |  0.1

Action                   |  1- 3 |  4- 6 || total
-------------------------+-------+-------++-------
Melee: Dagger            |    24 |     4 ||    28
 Cast: Magic Dart        |    97 |    20 ||   117
       Searing Ray       |       |     2 ||     2
  Use: Scroll            |     3 |       ||     3
Armor: Robe              |    12 |     1 ||    13
Dodge: Dodged            |    23 |     3 ||    26
Block: Other             |     4 |     1 ||     5

Table legend: (Time is in decaauts)
 A = Elapsed time spent in this place.
 B = Non-inter-level travel time spent in this place.
 C = Inter-level travel time spent in this place.
 D = Time resting spent in this place.
 E = Time spent auto-exploring this place.
 F = Levels seen in this place.
 G = Mean time per level.
                   A        B        C        D        E       F      G
               +--------+--------+--------+--------+--------+-----+--------+
         Total |   3054 |   3054 |      0 |    126 |   2278 |   4 |  763.5 |
       Dungeon |   3054 |   3054 |      0 |    126 |   2278 |   4 |  763.5 |
               +--------+--------+--------+--------+--------+-----+--------+

Top non-repeatable levels by time:
     D:1: 1234 daAuts
     D:2: 947 daAuts
     D:3: 869 daAuts
     D:4: 3 daAuts
